 Dungeon Crawl Stone Soup version 0.27-a0-906-g0a00ce863d (webtiles) character file.

Game seed: 8718110856193786310

9 Alarkh the Insei (level 2, 0/22 HPs)
             Began as a Demonspawn Gladiator on Apr 6, 2021.
             Slain by a kobold
             ... wielding a +0 dagger
              (1 damage)
             ... on level 1 of the Dungeon.
             The game lasted 00:00:21 (167 turns).

Alarkh the Insei (Demonspawn Gladiator)              Turns: 167, Time: 00:00:22

Health: 0/22       AC:  4    Str: 14    XL:     2   Next: 3%
Magic:  2/2        EV: 12    Int:  9    God:
Gold:   11         SH:  0    Dex: 14    Spells: 1/1 levels left

rFire    . . .     SeeInvis .     - Unarmed
rCold    . . .     Faith    .   (no shield)
rNeg     . . .     Spirit   .   a - +0 leather armour
rPois    +         Reflect  .   b - +0 helmet
rElec    .         Harm     .   (no cloak)
rCorr    .         Rampage  .   (no gloves)
Will     .....                  (no boots)
Stlth    +.........             (no amulet)
HPRegen  0.07/turn              e - ring of poison resistance
MPRegen  0.08/turn              (no ring)

@: no status effects
A: talons 1
a: no special abilities


You were on level 1 of the Dungeon.
You visited 1 branch of the dungeon, and saw 1 of its levels.

You collected 11 gold pieces.

Inventory:

Missiles
 c - 3 throwing nets (quivered)
Armour
 a - a +0 leather armour (worn)
 b - a +0 helmet (worn)
Jewellery
 e - a ring of poison resistance (left hand)
Scrolls
 d - a scroll of immolation {unknown}
 f - a scroll of amnesia {unknown}


   Skills:
 + Level 2.2 Fighting
 - Level 1.7 Throwing
 - Level 2.6 Dodging
 * Level 3.1 Unarmed Combat


You had one spell level left.
You didn't know any spells.
Your spell library was empty.

Dungeon Overview and Level Annotations

Branches:
Dungeon (1/15)

Altars:


Innate Abilities, Weirdness & Mutations

You have sharp toenails.


Message History

You hit the kobold but do no damage. The bat hits you but does no damage.
The quokka barely misses you. The kobold hits you with a +0 dagger.
You are too injured to fight recklessly!
You are too injured to fight recklessly!
The bat closely misses you. The quokka barely misses you.
The kobold hits you with a +0 dagger.
You hit the quokka but do no damage. Your kick misses the quokka.
Your punch misses the quokka. The bat barely misses you. The bat misses you.
The quokka closely misses you. The kobold hits you with a +0 dagger.
* * * LOW HITPOINT WARNING * * *
You closely miss the quokka. You claw the quokka, but do no damage.
The bat barely misses you. The quokka barely misses you.
The kobold hits you but does no damage.
You hit the quokka. You claw the quokka, but do no damage.
The quokka is moderately wounded.
The quokka closely misses you. The hobgoblin hits you.
* * * LOW HITPOINT WARNING * * *
You closely miss the quokka. Your kick misses the quokka.
The quokka is moderately wounded.
The bat hits you but does no damage. The bat barely misses you.
The kobold barely misses you. The quokka closely misses you.
The hobgoblin hits you.
* * * LOW HITPOINT WARNING * * *
You barely miss the quokka.
The quokka is moderately wounded.
The bat barely misses you. The bat hits you but does no damage.
The kobold hits you with a +0 dagger.
* * * LOW HITPOINT WARNING * * *
The quokka closely misses you. The bat hits you but does no damage.
The hobgoblin hits you but does no damage.
You completely miss the quokka. You claw the quokka.
The quokka is severely wounded.
The bat completely misses you. The quokka barely misses you.
The kobold hits you with a +0 dagger.
* * * LOW HITPOINT WARNING * * *
The hobgoblin closely misses you.
You hit the quokka.
You kill the quokka!
The bat misses you. The kobold hits you with a +0 dagger.
You die...

+..........†..#
#........)....########
#......)..............
#.....................
#.....................
#.....................
#.....................
#........(............
#............g@b......
#............K†.......
.............#####...
###+#######....K....
#..g...... #.........
#......... #.........
#.........


You could see a hobgoblin, a bat and a kobold.

Vanquished Creatures
  A ball python (D:1)
  A hobgoblin (D:1)
  A quokka (D:1)
  A frilled lizard (D:1)
  4 goblins (D:1)
  A rat (D:1)
9 creatures vanquished.

Notes
Turn   | Place    | Note
-------+----------+-------------------------------------------
     0 | D:1      | Alarkh the Demonspawn Gladiator began the quest for the
                  | Orb.
     0 | D:1      | Reached XP level 1. HP: 16/16 MP: 1/1
   134 | D:1      | Reached skill level 3 in Unarmed Combat
   159 | D:1      | Gained mutation: You have sharp toenails. [demonic
                  | ancestry]
   159 | D:1      | Reached XP level 2. HP: 13/22 MP: 2/2
   166 | D:1      | HP: 1/22 [kobold/+0 dagger (1)]
   167 | D:1      | Slain by a kobold

Illustrated notes

Levels and vault maps discovered:
D:1:      tarquinn_simple_flora_water_f, layout_basic,
          chequers_ecumenical_altar_island

Skill      XL: |  1 |
---------------+----+-----
Unarmed Combat | 3 |  3.1
Fighting       | |  2.2
Throwing       | |  1.7
Dodging        | |  2.6

Action                   || total
-------------------------++-------
Melee: Unarmed           ||    31
       Kick              ||     3
Armor: Leather armour    ||    13
Dodge: Dodged            ||    43

Table legend: (Time is in decaauts)
 A = Elapsed time spent in this place.
 B = Non-inter-level travel time spent in this place.
 C = Inter-level travel time spent in this place.
 D = Time resting spent in this place.
 E = Time spent auto-exploring this place.
 F = Levels seen in this place.
 G = Mean time per level.
                   A        B        C        D        E       F      G
               +--------+--------+--------+--------+--------+-----+--------+
         Total |    164 |    164 |      0 |      0 |    109 |   1 |  164.0 |
       Dungeon |    164 |    164 |      0 |      0 |    109 |   1 |  164.0 |
               +--------+--------+--------+--------+--------+-----+--------+

Top non-repeatable levels by time:
     D:1: 164 daAuts
